Map: [ESL] Tropical Sacrifice

Players

Lambo

  • Race: Zerg Zerg
  • League: Master
  • Spawn Location: 1:00

LiquidClem (Clem) - Winner!

  • Race: Terran Terran
  • Spawn Location: 7:00

Event: HomeStory Cup XXI

VOD

Have the link to the VOD?

Description

Time

  • Played on: July 24, 2022, 7:52 a.m.
  • Length: 11:03

All games in this series

Show
View Real Time Build Order
Export as new Build Order

Lambo Zerg 

Build Orders: Hatch First 

Get SALT Encoding   

  12  0:00  Drone  
  13  0:13  Overlord  
  13  0:17  Drone  
  14  0:31  Drone x2  
  16  0:49  Hatchery  
  15  0:52  Drone  
  15  0:56  Drone  
  17  0:59  Drone  
  18  1:10  Extractor  
  17  1:14  Spawning Pool  
  17  1:18  Drone  
  17  1:22  Drone  
  18  1:29  Drone  
  19  1:40  Drone  
  20  1:49  Drone  
  21  2:00  Queen x2  
  25  2:01  Zergling x4  
  27  2:11  Drone  
  27  2:12  Overlord  
  28  2:24  Hatchery  
  28  2:27  Drone  
  28  2:33  Drone x2  
  28  2:35  Drone  
  30  2:42  Queen  
  32  2:48  Overlord  
  32  2:53  Metabolic Boost  
  32  2:57  Drone x2  
  34  2:59  Drone  
  35  3:05  Queen  
  37  3:13  Drone x3  
  37  3:18  Drone x2  
  37  3:19  Drone  
  43  3:27  Overlord  
  43  3:31  Overlord  
  43  3:35  Drone  
  43  3:36  Queen  
  46  3:42  Queen  
  46  3:45  Drone  
  46  3:47  Drone x2  
  51  3:50  Drone x2  
  51  3:52  Overlord  
  51  3:54  Drone  
  51  3:55  Drone  
  55  4:03  Overlord  
  55  4:06  Overlord, Drone x2  
  57  4:12  Zergling x6  
  57  4:14  Queen  
  62  4:19  Queen  
  62  4:21  Drone x3  
  67  4:24  Overlord  
  67  4:26  Drone  
  67  4:29  Overlord  
  68  4:32  Overlord  
  68  4:36  Drone x4  
  72  4:40  Extractor  
  72  4:42  Lair  
  71  4:46  Drone x4  
  71  4:49  Drone x2  
  71  4:51  Drone  
  71  4:52  Drone  
  79  4:54  Spore Crawler  
  79  4:59  Zergling x8  
  82  5:01  Drone  
  82  5:04  Spore Crawler  
  82  5:05  Spore Crawler  
  81  5:07  Drone x2  
  81  5:08  Drone x3  
  81  5:13  Extractor  
  81  5:14  Baneling Nest, Extractor  
  84  5:15  Drone  
  84  5:21  Drone x4  
  84  5:22  Queen, Drone  
  84  5:25  Zergling x2  
  84  5:26  Drone x2  
  84  5:28  Extractor  
  93  5:29  Extractor  
  93  5:33  Drone x6  
  98  5:43  Drone x2  
  98  5:48  Overlord  
  98  5:49  Hatchery  
  99  5:54  Overseer  
  99  5:56  Zergling x6  
  100  5:57  Spore Crawler  
  100  6:01  Drone x2  
  97  6:05  Drone x3  
  97  6:08  Overseer  
  94  6:13  Drone  
  94  6:14  Centrifugal Hooks  
  94  6:16  Spire  
  92  6:18  Drone x7  
  99  6:28  Drone x2  
  99  6:31  Drone  
  102  6:35  Evolution Chamber  
  102  6:37  Evolution Chamber, Drone x2  
  102  6:45  Zergling x2  
  102  6:46  Zergling x16  
  111  6:48  Hatchery  
  111  6:49  Zergling x4  
  111  6:53  Queen  
  114  7:00  Baneling x3  
  114  7:01  Zergling x8  
  118  7:06  Overlord  
  118  7:08  Zergling x2  
  119  7:12  Baneling x5  
  119  7:16  Zergling x2, Zerg Melee Weapons Level 1, Zerg Ground Armor Level 1  
  119  7:17  Overlord x2, Zergling x14  
  119  7:19  Overlord  
  119  7:20  Overlord  
  126  7:28  Zergling x8  
  113  7:39  Zergling x8  
  113  7:40  Baneling x2  
  116  7:49  Mutalisk x11  
  131  7:52  Queen  
  133  7:58  Zerg Flyer Weapons Level 1  
  133  8:00  Extractor, Drone x4  
  133  8:04  Baneling x4  
  136  8:06  Baneling x2, Zergling x2  
  136  8:07  Zergling x6  
  137  8:20  Zergling x14  
  137  8:21  Zergling x4  
  145  8:27  Baneling x2  
  145  8:28  Baneling x4  
  145  8:32  Zergling x14  
  144  8:44  Zergling x20  
  151  8:57  Zergling x14  
  151  9:00  Mutalisk x2  
  156  9:04  Overlord  
  156  9:05  Overlord  
  156  9:06  Pneumatized Carapace, Overseer x2  
  156  9:07  Baneling  
  156  9:08  Baneling x19  
  156  9:09  Overlord  
  156  9:11  Overlord  
  149  9:19  Zergling x16  
  149  9:21  Overlord  
  149  9:22  Overlord  
  149  9:29  Zergling x6  
  149  9:30  Zergling x4  
  148  9:35  Mutalisk  
  148  9:36  Drone x2  
  152  9:40  Extractor  
  152  9:41  Mutalisk x2  
  155  9:49  Zergling x12  
  161  9:55  Zergling x4  
  161  9:57  Baneling x13  
  163  10:01  Mutalisk  
  163  10:03  Overlord  
  163  10:05  Baneling x2  
  163  10:06  Overlord  
  163  10:08  Zergling x16  
  163  10:09  Queen  
  163  10:13  Zergling x8  
  177  10:16  Baneling x6  
  177  10:18  Zergling x4  
  176  10:24  Zergling x12  
  180  10:29  Zergling x2  
  180  10:30  Zergling x6  
  161  10:43  Zergling x12  
  161  10:45  Zergling x4  
Show
View Real Time Build Order
Export as new Build Order

LiquidClem Terran - Winner!

Build Orders: Reaper Expand, Hellion Banshee 

Get SALT Encoding   

  12  0:00  SCV  
  13  0:12  SCV  
  14  0:17  Supply Depot  
  14  0:24  SCV  
  15  0:38  SCV  
  15  0:40  Barracks  
  16  0:43  Refinery  
  16  0:50  SCV  
  17  1:03  SCV  
  18  1:15  SCV  
  19  1:27  Orbital Command, Reaper  
  20  1:42  Command Center  
  20  1:49  Supply Depot  
  20  1:54  SCV  
  21  1:59  Marine  
  22  2:06  SCV  
  23  2:13  Factory  
  23  2:18  SCV  
  23  2:20  Barracks Reactor  
  25  2:38  SCV  
  25  2:41  Command Center  
  25  2:50  SCV  
  26  2:53  Orbital Command  
  26  3:02  SCV, Starport  
  27  3:06  Refinery  
  27  3:12  Hellion  
  29  3:15  Hellion  
  29  3:19  SCV  
  32  3:20  SCV  
  32  3:25  Barracks Tech Lab  
  33  3:31  SCV  
  33  3:32  SCV  
  35  3:35  Hellion  
  35  3:36  Hellion  
  39  3:43  SCV  
  39  3:48  SCV  
  41  3:49  Banshee  
  41  3:54  Orbital Command, Cloaking Field  
  44  3:57  SCV  
  44  4:00  Hellion  
  47  4:04  Hellion  
  47  4:06  Barracks Tech Lab  
  47  4:08  SCV  
  50  4:10  SCV  
  50  4:14  Supply Depot  
  51  4:20  SCV  
  51  4:21  SCV  
  51  4:23  SCV  
  54  4:26  Hellion  
  54  4:27  Hellion  
  58  4:32  SCV  
  58  4:35  Banshee  
  58  4:36  SCV x2  
  58  4:38  Supply Depot  
  64  4:39  Stimpack  
  64  4:44  SCV  
  65  4:47  Marine  
  65  4:48  SCV  
  65  4:51  Barracks  
  67  4:53  Barracks  
  67  4:56  SCV  
  68  5:00  Orbital Command, SCV  
  68  5:02  Refinery, Supply Depot  
  68  5:03  Refinery, Factory Reactor  
  68  5:04  Marine  
  70  5:09  SCV  
  70  5:10  Engineering Bay x2  
  70  5:13  SCV  
  72  5:21  SCV  
  72  5:25  SCV  
  72  5:26  Starport Reactor, Supply Depot, Barracks  
  72  5:27  Barracks, SCV  
  75  5:30  Marine  
  75  5:33  SCV  
  77  5:37  SCV, Terran Infantry Armor Level 1, Terran Infantry Weapons Level 1  
  77  5:39  SCV  
  77  5:41  Marine  
  80  5:45  SCV  
  80  5:49  SCV  
  82  5:51  SCV, Marine  
  82  5:52  Marine  
  82  5:56  Marine, Supply Depot  
  82  5:57  Marine  
  86  5:58  SCV  
  86  5:59  Marine  
  86  6:03  Siege Tank  
  92  6:08  SCV  
  92  6:10  Marine x2  
  93  6:17  Marine, Medivac x2, Barracks Reactor  
  93  6:18  SCV x2  
  101  6:21  Refinery  
  101  6:22  Combat Shield  
  101  6:24  Supply Depot  
  101  6:25  Supply Depot x2  
  101  6:30  SCV, Marine x3  
  101  6:31  Barracks Reactor  
  101  6:32  SCV x2  
  106  6:35  Marine x2  
  108  6:41  Factory  
  108  6:42  SCV  
  108  6:44  SCV x2  
  108  6:46  Armory  
  109  6:48  Marine x2  
  109  6:49  Marine  
  109  6:53  Siege Tank  
  115  6:56  Marine  
  115  6:58  SCV  
  115  7:00  SCV x2  
  119  7:04  Supply Depot  
  119  7:10  SCV, Command Center  
  119  7:11  Marine  
  119  7:14  Marine x2  
  123  7:20  Marine x3  
  126  7:23  Medivac x2  
  124  7:31  Marine  
  124  7:32  Factory Reactor  
  124  7:33  Widow Mine  
  124  7:34  Marine x5  
  124  7:36  Terran Infantry Weapons Level 2  
  128  7:38  Terran Infantry Armor Level 2, Marine x2  
  128  7:42  Marine  
  125  7:49  Marine  
  124  7:52  Terran Vehicle And Ship Armor Level 1, Refinery, Marine x5  
  124  7:57  Marine x2  
  131  8:00  Medivac, Widow Mine  
  131  8:02  Supply Depot, Marine  
  131  8:03  Supply Depot  
  131  8:04  SCV  
  131  8:05  SCV  
  138  8:07  Marine  
  138  8:10  Marine x2  
  141  8:13  Supply Depot  
  141  8:18  Missile Turret  
  141  8:21  Marine x4  
  141  8:22  Missile Turret, Widow Mine x2  
  141  8:23  Marine, Missile Turret  
  141  8:26  Marine x2  
  146  8:28  Marine  
  147  8:35  Thor  
  147  8:40  Marine  
  148  8:42  Marine x3  
  148  8:43  Medivac  
  148  8:45  Medivac  
  148  8:48  Marine  
  148  8:49  Marine  
  148  8:51  Widow Mine x2  
  152  8:55  Supply Depot  
  152  8:56  Marine x2  
  149  9:03  Marine  
  149  9:04  Marine x3  
  149  9:05  Marine  
  154  9:11  Marine  
  154  9:12  Medivac, Widow Mine  
  157  9:19  Thor  
  157  9:20  Marine x3  
  157  9:23  Missile Turret, Marauder  
  157  9:24  Planetary Fortress  
  164  9:26  SCV, Marine  
  164  9:27  Marine  
  164  9:29  Marine  
  168  9:34  Supply Depot  
  168  9:38  SCV, Sensor Tower, Widow Mine  
  166  9:39  SCV, Widow Mine  
  166  9:44  Marine  
  166  9:45  Marine x2  
  171  9:46  Marauder  
  171  9:50  Marine x2  
  171  9:52  Marine x3  
  180  10:01  Marine  
  180  10:02  Medivac x2  
  180  10:03  Marine  
  186  10:11  Barracks, Thor  
  186  10:12  Barracks  
  186  10:14  Barracks, Marine, Widow Mine x2  
  190  10:15  Marine  
  196  10:21  Marine  
  196  10:22  Marine x3  
  196  10:23  Marine, Marauder  
  195  10:31  Command Center  
  195  10:32  Marine, Sensor Tower  
  195  10:34  Marine  
  196  10:37  Widow Mine  
  196  10:41  SCV  
  192  10:44  Marine  
  192  10:45  Marine x2  
Tags
 
Add a new tag
Caveats
  • Supply blocks, unpowered buildings, or Contaminate may cause inaccurate times.
  • Supply counts are checked every 10 seconds.